 Dungeon Crawl Stone Soup version 0.19.0-2-gae57169 (webtiles) character file.

93370 GhostOfComunism the Tortoise (level 16, -5/97 HPs)
             Began as a Gargoyle Fighter on Nov 6, 2016.
             Was a High Priest of Hepliaklqana.
             Slain by GhostOfComunism's illusion (7 damage)
             ... woven by Mara
             ... on level 3 of the Snake Pit on Nov 7, 2016.
             The game lasted 02:52:46 (20218 turns).

GhostOfComunism the Tortoise (Gargoyle Fighter)    Turns: 20218, Time: 02:52:58

Health: -5/97      AC: 36    Str: 26    XL:     16   Next: 8%
Magic:  0/6        EV:  8    Int:  9    God:    Hepliaklqana [*****.]
Gold:   1110       SH: 16    Dex: 10    Spells: 1 memorised, 15 levels left

rFire  . . .     SeeInvis .     b - +2 demon whip (antimagic)
rCold  . . .     Gourm    .     z - +0 plate armour
rNeg   + . .     Faith    .     c - +2 shield
rPois  ∞         Spirit   +     h - +2 helmet
rElec  +         Reflect  .     q - +0 cloak
rCorr  +         Harm     .     r - +0 pair of gloves "Hit Atwo" {Regen+}
MR     ++...                    t - +2 pair of boots
Stlth  ..........               i - amulet of guardian spirit
                                o - ring of resist corrosion
                                g - ring of protection from magic

@: exhausted, flying, slowed, very slow
A: reduced essence, big wings, icy blue scales 1, deformed body, high mp 1,
negative energy resistance 1, electricity resistance, unbreathing, petrification
resistance, rot immunity, AC +11
a: Stop Flying, Recall Ancestor, Ancestor Identity, Transference, Idealise,
Renounce Religion


You were on level 3 of the Snake Pit.
You worshipped Hepliaklqana.
Hepliaklqana was extremely pleased with you.
You were completely stuffed.

You visited 5 branches of the dungeon, and saw 22 of its levels.

You collected 1707 gold pieces.
You spent 597 gold pieces at shops.

Inventory:

Hand Weapons
 b - a +2 antimagic demon whip (weapon)
 w - the +7 whip "Sasche" {freeze, rElec rC++ Dex+3}
   (You found it on level 6 of the Dungeon)

   It has been specially enchanted to freeze those struck by it, causing extra
   injury to most foes and up to half again as much damage against particularly
   susceptible opponents.
   It can also slow down cold-blooded creatures.
   It affects your dexterity (+3).
   It greatly protects you from cold.
   It insulates you from electricity.
 A - a +0 demon whip of electrocution
 E - a +0 trident
Armour
 c - a +2 shield (worn)
 h - a +2 helmet (worn)
 q - a +0 cloak (worn)
 r - the +0 pair of gloves "Hit Atwo" (worn) {Regen+}
   (You found it on level 5 of the Lair of Beasts)

   It increases your rate of regeneration.
 t - a +2 pair of boots (worn)
 z - a +0 plate armour (worn)
Jewellery
 g - a ring of protection from magic (left hand)
 i - an amulet of guardian spirit (around neck)
 o - a ring of resist corrosion (right hand)
Wands
 f - a wand of lightning (11/15)
 x - a wand of digging (14/24)
Scrolls
 e - 9 scrolls of remove curse
 j - 2 scrolls of teleportation
 n - 2 scrolls of blinking
 s - 10 scrolls of identify
 v - 2 scrolls of recharging
 y - a scroll of magic mapping
Potions
 m - a potion of cure mutation
 u - 2 potions of curing
 B - 2 potions of cancellation
Comestibles
 a - 4 meat rations
 d - 10 royal jellies
 k - 41 fruits
 l - 14 bread rations
 C - a slice of pizza


   Skills:
 + Level 15.1 Fighting
 + Level 14.0 Maces & Flails
 + Level 15.4 Armour
 + Level 15.2 Shields
 + Level 1.0 Spellcasting


You had 15 spell levels left.
You knew the following spells:

 Your Spells              Type           Power        Failure   Level  Hunger
a - Blink                 Tloc           N/A          100%        2    ###....


Dungeon Overview and Level Annotations

Branches:
Dungeon (10/15)            Temple (1/1) D:5            Lair (6/6) D:10
 Shoals (0/4) Lair:2        Snake (3/4) Lair:3        Slime (0/5) Lair:5
    Orc (2/2) D:9             Elf (0/3) Orc:2

Altars:
Ashenzari
Cheibriados
Dithmenos
Elyvilon
Fedhas
Gozag
Hepliaklqana
Kikubaaqudgha
Makhleb
Nemelex Xobeh
Okawaru
Qazlal
Ru
Sif Muna
Trog
Uskayaw
Vehumet
Xom
Yredelemnul
Zin
The Shining One

Shops:
D:5 :*:[?   Orc:2 :(**

Portals:
Pandemonium: Orc:2

Annotations:
Lair:2 exclusion: 2 oklob plants
Snake:3 Kirke, Mara


Innate Abilities, Weirdness & Mutations

You are resistant to torment.
Your stone body is resilient. (AC +11)
You are immune to poison.
Your large and strong wings let you fly indefinitely.
You resist negative energy. (rN+)
You are resistant to electric shocks. (rElec)
You can survive without breathing.
You are immune to petrification.
You are immune to rotting.
Your life essence is reduced. (-10% HP)
You are partially covered in icy blue scales. (AC +2)
Armour fits poorly on your strangely shaped body.
You have an increased reservoir of magic. (+10% MP)


Message History

Mara hits you from afar with a demon trident of pain!
* * * LOW HITPOINT WARNING * * *
You writhe in agony.
* * * LOW HITPOINT WARNING * * *
Things that are here:
a hog corpse x3
You feel a strong urge to attack something.
You see here a hog corpse.
You are too berserk!
You are no longer berserk.
You are exhausted.
You feel yourself slow down.
You feel better.
You block GhostOfComunism's illusion's attack.
Mara hits you from afar with a demon trident of pain.
* * * LOW HITPOINT WARNING * * *
You writhe in agony.
* * * LOW HITPOINT WARNING * * *
GhostOfComunism's illusion hits you!
You die...

#..######## ......
#.......... ........
##..####### #....... #..#
#..##..# .#..# #>.##..### .
.#..########
#..##R...###...
...........###..#
#.........
....(...........###R..###.%
###.######......@@RR..#
#.######.#..#####N..#
#........#..# #...#
#..#######..# #...#
#..#######..#####...#
#....................
##†).......(..)........
#...####...#)...<......#
##...####...#########


You could see 3 Maras, a salamander and GhostOfComunism's illusion.

Vanquished Creatures
  Donald (Snake:1)
  Fannar (Lair:2)
  6 hydras
  4 anacondas (Snake:1)
  5 naga warriors
  Urug (Lair:2)
  5 naga sharpshooters
  4 orc high priests (Orc:2)
  A soul eater (Orc:2)
  2 shock serpents
  A sun demon (Orc:2)
  A salamander mystic (Snake:3)
  2 infernal demonspawn (Orc:2)
  3 sea snakes (Lair:6)
  3 naga ritualists (Snake:1)
  3 orc knights (Orc:2)
  4 mana vipers
  A harpy (Lair:6)
  4 orc sorcerers (Orc:2)
  2 manticores (Lair:6)
  The ghost of skk the Cudgeler, a novice TrBe of Trog (D:4)
  3 salamanders (Snake:2)
  5 elephants
  17 black mambas
  Maurice (Orc:1)
  A guardian serpent (Snake:1)
  A smoke demon (Orc:2)
  2 naga magi
  Psyche (D:9)
  4 spiny frogs
  3 rime drakes (Lair:6)
  6 komodo dragons
  2 gargoyles (D:10)
  2 ice devils (Orc:2)
  2 trolls
  A queen bee (Lair:4)
  A meliai (Lair:4)
  A two-headed ogre (D:8)
  3 polar bears
  Grinder (D:3)
  2 hornets (Lair:6)
  10 dream sheep (Lair:4)
  5 hippogriffs
  7 blink frogs
  A ynoxinul (Orc:2)
  4 hogs (Snake:3)
  5 wyverns
  A wraith (D:10)
  24 yaks
  A basilisk (Lair:5)
  A steam dragon (D:10)
  21 nagas
  7 water moccasins
  8 porcupines
  25 orc warriors
  3 sky beasts
  3 ice beasts
  2 phantoms
  A necrophage (D:7)
  3 wolves (Lair:1)
  6 ogres
  4 centaurs
  7 crocodiles
  Blork the orc (D:6)
  A big kobold (D:10)
  12 bullfrogs
  A water moccasin skeleton (D:8)
  19 killer bees
  9 wights
  5 howler monkeys
  4 crimson imps
  A centaur skeleton (D:7)
  5 hounds
  2 bullfrog skeletons
  A gnoll shaman (D:7)
  17 orc priests
  15 orc wizards
  3 iguanas
  6 worker ants
  A killer bee zombie (D:8)
  4 hound zombies
  A worker ant zombie (D:9)
  14 gnolls
  8 adders
  A shadow imp (D:6)
  2 oozes
  An adder zombie (D:9)
  2 adder skeletons
  A worm (D:4)
  2 dart slugs
  6 leopard geckos
  51 orcs
  5 giant cockroaches
  12 goblins
  10 hobgoblins
  4 jackals (D:3)
  4 quokkas
  A ball python (D:1)
  6 bats
  9 frilled lizards
  14 kobolds
  10 rats
  A bush (Lair:6)
  3 fungi
  3 plants
541 creatures vanquished.

Vanquished Creatures (collateral kills)
  Roxanne (Snake:1)
  Erolcha (Orc:2)
  A naga warrior (Snake:3)
  A merfolk avatar (Lair:6)
  A hydra (Lair:5)
  An anaconda (Snake:1)
  An orc high priest (Orc:2)
  A naga sharpshooter (Snake:1)
  An unseen horror (D:10)
  2 salamander mystics (Snake:2)
  A torturous demonspawn (Orc:2)
  An orc knight (Orc:2)
  2 mana vipers
  2 orc sorcerers (Orc:2)
  A salamander (Snake:1)
  11 black mambas
  An elephant (Lair:2)
  A naga mage (Snake:1)
  An eye of devastation (Lair:5)
  3 spiny frogs
  A gargoyle (D:10)
  A rime drake (Lair:6)
  2 komodo dragons
  A polar bear (Lair:6)
  2 meliai (Lair:4)
  2 dream sheep (Lair:4)
  4 blink frogs
  2 hippogriffs
  2 wyverns
  A ynoxinul (Orc:2)
  2 hogs (Snake:3)
  6 yaks
  5 nagas
  2 wargs
  2 porcupines
  A water moccasin (Lair:5)
  8 orc warriors
  An eye of draining (Lair:5)
  A phantom (D:10)
  A centaur (Lair:2)
  6 crocodiles
  A bullfrog (Lair:1)
  11 killer bees (Lair:4)
  9 orc priests
  3 orc wizards
  14 orcs
  4 fungi
  A plant (Lair:4)
131 creatures vanquished.

Vanquished Creatures (others)
  17 battlemagi
  3 ancestors
  4 fungi
  11 plants
35 creatures vanquished.

Grand Total: 707 creatures vanquished

Notes
Turn   | Place    | Note
-------+----------+-------------------------------------------
     0 | D:1      | GhostOfComunism the Gargoyle Fighter began the quest for the Orb.
     0 | D:1      | Reached XP level 1. HP: 14/14 MP: 1/1
   202 | D:1      | Reached XP level 2. HP: 11/19 MP: 2/2
   928 | D:2      | Reached XP level 3. HP: 14/24 MP: 3/3
  1230 | D:2      | Reached XP level 4. HP: 17/29 MP: 4/4
  1965 | D:3      | Noticed Grinder
  1980 | D:3      | Killed Grinder
  1980 | D:3      | Reached XP level 5. HP: 21/34 MP: 5/5
  1980 | D:3      | Reached XP level 6. HP: 24/39 MP: 6/6
  2271 | D:3      | Reached skill level 5 in Armour
  2313 | D:3      | Found an opulent altar of Gozag.
  2315 | D:3      | Noticed a sky beast
  2340 | D:3      | Killed a sky beast
  2340 | D:3      | Reached skill level 5 in Shields
  2434 | D:3      | Reached XP level 7. HP: 44/44 MP: 7/7
  2741 | D:3      | Found a glowing golden altar of the Shining One.
  2926 | D:4      | Noticed skk's ghost (novice TrBe)
  2946 | D:4      | Killed skk's ghost
  2946 | D:4      | Reached skill level 5 in Fighting
  3122 | D:4      | Found a hide-covered altar of Uskayaw.
  3273 | D:4      | Reached XP level 8. HP: 40/50 MP: 8/8
  3595 | D:5      | Entered Level 5 of the Dungeon
  3619 | D:5      | Found a staircase to the Ecumenical Temple.
  3668 | Temple   | Entered the Ecumenical Temple
  4168 | D:5      | Found Josaa's General Store.
  4213 | D:5      | Reached skill level 5 in Maces & Flails
  4238 | D:5      | Found Azeajeh's Armour Shoppe.
  4250 | D:5      | Bought a +0 pair of boots for 63 gold pieces
  4290 | D:5      | Found Kafimodi's Book Emporium.
  4301 | D:5      | Identified a scroll of acquirement
  4315 | D:5      | Found Aladi's Book Boutique.
  4450 | D:5      | Found Ushaefub's Magic Scroll Shop.
  4597 | D:6      | Learned a level 2 spell: Blink
  4839 | D:6      | Got a translucent whip
  4840 | D:6      | Identified the +7 whip "Sasche" {freeze, rElec rC++ Dex+3} (You found it on level 6 of the Dungeon)
  4981 | D:6      | Reached XP level 9. HP: 45/56 MP: 9/9
  5209 | D:6      | Noticed Blork the orc
  5221 | D:6      | Killed Blork the orc
  5377 | D:7      | Found a shimmering altar of Xom.
  5379 | D:7      | Found a shimmering altar of Xom.
  5379 | D:7      | Found a shimmering altar of Xom.
  5379 | D:7      | Found a shimmering altar of Xom.
  5400 | D:7      | Found a shimmering altar of Xom.
  5410 | D:7      | Found a shimmering altar of Xom.
  5410 | D:7      | Found a shimmering altar of Xom.
  6185 | D:8      | Noticed a two-headed ogre
  6195 | D:8      | Killed a two-headed ogre
  6292 | D:8      | Reached XP level 10. HP: 60/64 MP: 10/10
  6855 | D:9      | Found a staircase to the Orcish Mines.
  7047 | D:9      | Gained mutation: Armour fits poorly on your strangely shaped body. [potion of mutation]
  7047 | D:9      | Gained mutation: You have an increased reservoir of magic. (+10% MP) [potion of mutation]
  7047 | D:9      | Gained mutation: You are partially covered in icy blue scales. (AC +2) [potion of mutation]
  7084 | D:9      | Found a hazy altar of Hepliaklqana.
  7087 | D:9      | Became a worshipper of Hepliaklqana the Forgotten
  7181 | D:9      | Noticed Psyche
  7191 | D:9      | Killed Psyche
  7238 | D:10     | Entered Level 10 of the Dungeon
  7259 | D:10     | Noticed a gargoyle
  7266 | D:10     | Killed a gargoyle
  7654 | D:10     | Killed an unseen horror
  7796 | D:10     | Noticed a gargoyle
  7806 | D:10     | Killed a gargoyle
  7806 | D:10     | Reached XP level 11. HP: 61/63 MP: 12/12
  7822 | D:10     | Reached skill level 10 in Armour
  8180 | D:10     | Found a staircase to the Lair.
  8434 | Lair:1   | Entered Level 1 of the Lair of Beasts
  8451 | Lair:1   | Noticed a seven-headed hydra
  8463 | Lair:1   | Killed a seven-headed hydra
  8463 | Lair:1   | Reached skill level 10 in Shields
  8554 | Lair:1   | Reached * piety under Hepliaklqana
  8628 | Lair:1   | Reached skill level 10 in Fighting
  9490 | Lair:2   | Found a staircase to the Shoals.
  9491 | Lair:2   | Noticed Fannar
  9517 | Lair:2   | Killed Fannar
  9517 | Lair:2   | Reached XP level 12. HP: 71/71 MP: 13/13
  9541 | Lair:2   | Noticed a six-headed hydra
  9557 | Lair:2   | Killed a six-headed hydra
  9617 | Lair:2   | Noticed Urug
  9643 | Lair:2   | Killed Urug
  9643 | Lair:2   | Reached skill level 10 in Maces & Flails
  9823 | Lair:2   | Reached ** piety under Hepliaklqana
  9824 | Lair:2   | Remembered your ancestor Yamquzzuhalamma as a battlemage
 10831 | Lair:3   | Found a staircase to the Snake Pit.
 11023 | Lair:3   | Found a glowing silver altar of Zin.
 11072 | Lair:3   | Reached *** piety under Hepliaklqana
 11086 | Lair:3   | Noticed an eight-headed hydra
 11096 | Lair:3   | Killed an eight-headed hydra
 11580 | Lair:4   | Noticed a four-headed hydra
 11615 | Lair:4   | Reached XP level 13. HP: 41/76 MP: 14/14
 12825 | Orc:1    | Entered Level 1 of the Orcish Mines
 12884 | Orc:1    | Found a bloodstained altar of Trog.
 12917 | Orc:1    | Reached **** piety under Hepliaklqana
 12972 | Orc:2    | Entered Level 2 of the Orcish Mines
 12975 | Orc:2    | Noticed Maurice
 13128 | Orc:1    | Killed Maurice
 13468 | Orc:2    | Found a staircase to the Elven Halls.
 13645 | Orc:2    | Found Utozeemiwo's General Store.
 13730 | Orc:2    | Found Qisaopp's General Store.
 13953 | Orc:2    | Bought a potion of curing for 54 gold pieces
 13955 | Orc:2    | Bought an uncursed amulet of guardian spirit for 480 gold pieces
 14207 | Orc:2    | Noticed Erolcha
 14212 | Orc:2    | Killed Erolcha
 14617 | Orc:2    | Gained mutation: Your large and strong wings let you fly indefinitely. [Gargoyle growth]
 14617 | Orc:2    | Reached XP level 14. HP: 56/84 MP: 10/15
 14784 | Orc:2    | Paralysed by an orc sorcerer for 5 turns
 15444 | Orc:2    | Found Gixof's Book Boutique.
 15444 | Orc:2    | Found a one-way gate leading to the halls of Pandemonium.
 15444 | Orc:2    | Found Kipn's Antique Weapon Shop.
 15649 | Snake:1  | Entered Level 1 of the Snake Pit
 16235 | Lair:5   | Found a staircase to the Slime Pits.
 16523 | Lair:5   | Got a pair of fine gloves
 16534 | Lair:5   | Identified the +0 pair of gloves "Hit Atwo" {Regen+} (You found it on level 5 of the Lair of Beasts)
 16538 | Lair:5   | Reached ***** piety under Hepliaklqana
 17031 | Lair:6   | Entered Level 6 of the Lair of Beasts
 17310 | Lair:6   | Reached XP level 15. HP: 90/90 MP: 16/16
 18631 | Snake:1  | Reached skill level 15 in Armour
 18687 | Snake:1  | Noticed Donald
 18704 | Snake:1  | Killed Donald
 18767 | Snake:1  | Noticed Roxanne
 18795 | Snake:1  | Killed Roxanne
 19023 | Snake:2  | Reached skill level 15 in Shields
 19862 | Snake:2  | Reached skill level 15 in Fighting
 20033 | Snake:3  | Reached XP level 16. HP: 81/97 MP: 13/17
 20164 | Snake:3  | Noticed Kirke
 20175 | Snake:3  | Noticed Mara
 20178 | Snake:3  | Noticed GhostOfComunism's illusion
 20181 | Snake:3  | Reached skill level 1 in Spellcasting
 20214 | Snake:3  | HP: 2/145 [Mara (illusionary)/demon trident of pain (8)]
 20218 | Snake:3  | Slain by GhostOfComunism's illusion

Skill      XL: |  1  2  3  4  5  6  7  8  9 10 11 12 13 14 15 16 |
---------------+-------------------------------------------------+-----
Armour         | 4 5 6 7 8 9 11 12 13 14 15 | 15.4
Fighting       | 4 5 6 7 9 10 11 13 14 15 | 15.1
Shields        | 4 5 7 8 9 10 11 13 14 15 | 15.2
Maces & Flails | 3 4 5 7 8 9 10 12 13 14 | 14.0
Spellcasting   | 1 |  1.0

Action                   |  1- 3 |  4- 6 |  7- 9 | 10-12 | 13-15 | 16-18 || total
-------------------------+-------+-------+-------+-------+-------+-------++-------
Melee: Flail             |   172 |   101 |   210 |       |       |       ||   483
       Whip              |       |       |   193 |   825 |   679 |       ||  1697
       Demon whip        |       |       |       |       |   758 |    65 ||   823
Invok: Ancestor Identity |       |       |       |     3 |       |       ||     3
       Recall Ancestor   |       |       |       |     2 |     4 |       ||     6
       Ancestor Life: Ba |       |       |       |     1 |       |       ||     1
       Transference      |       |       |       |       |     1 |       ||     1
 Abil: Fly               |       |       |       |       |     1 |       ||     1
Evoke: Wand              |       |     1 |     6 |     3 |       |       ||    10
  Use: Scroll            |     6 |     8 |    12 |     7 |     6 |       ||    39
       Potion            |       |     2 |     8 |    10 |     6 |     3 ||    29
 Stab: Distracted        |       |       |       |     5 |    13 |       ||    18
  Eat: Bread ration      |     1 |       |     2 |       |       |       ||     3
       Chunk             |       |     1 |       |       |     1 |       ||     2
       Fruit             |       |       |     3 |       |       |       ||     3
       Pizza             |       |       |     1 |       |     1 |       ||     2
       Meat ration       |       |       |       |     5 |     4 |     1 ||    10
       Beef jerky        |       |       |       |     2 |     2 |       ||     4
       Royal jelly       |       |       |       |       |     2 |       ||     2
Armor: Scale mail        |    90 |    56 |    71 |       |       |       ||   217
       Chain mail        |       |       |    71 |   146 |       |       ||   217
       Skin              |       |       |     3 |    18 |       |       ||    21
       Plate armour      |       |       |       |   202 |   530 |    28 ||   760
Dodge: Dodged            |    48 |    33 |    77 |   129 |   178 |     9 ||   474
Block: Shield            |   108 |    81 |   234 |   486 |   739 |    37 ||  1685
